 Dungeon Crawl Stone Soup version 0.24.0-35-gdb84b6a5db (webtiles) character file.

Game seed: 11630413343690976621, levelgen mode: deterministic

289780 Iamsoldier the Severer (level 19, 0/241 HPs)
             Began as a Minotaur Fighter on Nov 20, 2019.
             Was the Champion of Okawaru.
             Slain by an acid blob (12 damage)
             ... on level 5 of the Pits of Slime on Nov 21, 2019.
             The game lasted 02:39:47 (45844 turns).

Iamsoldier the Severer (Minotaur Fighter)          Turns: 45844, Time: 02:39:50

Health: 0/241      AC: 13    Str: 26      XL:     19   Next: 92%
Magic:  10/19      EV:  2    Int:  9      God:    Okawaru [******]
Gold:   271        SH: 22    Dex: 14 (15) Spells: 18/18 levels left

rFire    + . .     SeeInvis .   b - +8 mithril axe "Arga" {speed, MR+}
rCold    + . .     Gourm    .   c - +2 shield of Resistance {rF+ rC+ MR+}
rNeg     + + +     Faith    .   (armour currently unavailable)
rPois    +         Spirit   .   (helmet currently unavailable)
rElec    .         Reflect  +   (cloak currently unavailable)
rCorr    +         Harm     .   (gloves currently unavailable)
MR       ++++.     Rnd*Rage +   (boots currently unavailable) Stlth +++.......NoTele +
                                W - amulet "Hurghytol" {Reflect +Fly MR+ SH+3}
HPRegen  0.00/turn              I - ring of resist corrosion
MPRegen  0.16/turn              l - ring of Izieg {rN+ Int+4 Dex+4}

@: tree-form, heroism, corroded, berserk cooldown, slowed, very slow
A: (retaliatory headbutt), berserk 2, blurry vision 3, deterioration 2, frail 1,
low mp 2, screaming 1, inhibited regeneration, weak 1, MP-powered wands
}: 2/15 runes: serpentine, barnacled
a: Heroism, Finesse, Renounce Religion


You were on level 5 of the Pits of Slime.
You worshipped Okawaru.
Okawaru was exalted by your worship.
You were very hungry.
You were a tree.
You visited 6 branches of the dungeon, and saw 36 of its levels.
You also visited: Ossuary, Gauntlet, Ice Cave and Volcano.

You collected 4521 gold pieces.
You spent 4250 gold pieces at shops.

Inventory:

Hand Weapons
 a - a +5 mace of venom
 b - the +8 mithril axe "Arga" (weapon) {speed, MR+}
   (You bought it in a shop on level 2 of the Orcish Mines)

   Attacks with this weapon are significantly faster.
   It affects your resistance to hostile enchantments.
Missiles
 J - 3 throwing nets (quivered)
Armour
 c - the +2 shield of Resistance (worn) {rF+ rC+ MR+}
   (Okawaru gifted it to you on level 6 of the Lair of Beasts)

   It protects you from fire.
   It protects you from cold.
   It affects your resistance to hostile enchantments.
 m - a +2 hat of magic resistance (melded)
 o - a +0 scale mail of cold resistance
 p - the +0 pair of boots "Ziwnyqu" (melded) {-Tele rC+ Str+2}
   (You bought it in a shop on level 3 of the Snake Pit)

   It affects your strength (+2).
   It protects you from cold.
   It prevents most forms of teleportation.
 y - the +0 crystal plate armour of Honour {rF+ Str+2}
   (Okawaru gifted it to you on level 4 of the Snake Pit)

   It affects your strength (+2).
   It protects you from fire.
 C - a scarf of resistance (melded)
 L - the +8 crystal plate armour of Moahywa (melded) {+Fly rPois rF- rN++}
   (Okawaru gifted it to you on level 8 of the Dungeon)

   It makes you vulnerable to fire.
   It protects you from poison.
   It greatly protects you from negative energy.
   It lets you fly.
 M - a +2 pair of gloves (melded)
Jewellery
 l - the ring of Izieg (right branch) {rN+ Int+4 Dex+4}
   (You found it on level 12 of the Dungeon)

   [ring of positive energy]

   It affects your intelligence (+4).
   It affects your dexterity (+4).
   It protects you from negative energy.
 G - an uncursed ring of protection from fire
 H - an uncursed ring of protection from cold
 I - a ring of resist corrosion (left branch)
 W - the amulet "Hurghytol" (around neck) {Reflect +Fly MR+ SH+3}
   (You acquired it on level 2 of the Orcish Mines)

   [amulet of reflection]

   It shields you and reflects attacks.
   It affects your resistance to hostile enchantments.
   It lets you fly.
   It affects your SH (+3).
Wands
 d - a wand of digging (11)
 i - a wand of disintegration (45)
 w - a wand of paralysis (22)
 F - a wand of polymorph (12)
 K - a wand of enslavement (27)
 O - a wand of clouds (7)
 P - a wand of iceblast (24)
 S - a wand of acid (22)
 Z - a wand of flame (27)
Scrolls
 e - 14 scrolls of teleportation
 h - 16 scrolls of remove curse
 k - 7 scrolls of blinking
 n - 3 scrolls of fear
 q - 5 scrolls of fog
 B - 5 scrolls of magic mapping
 D - a scroll of identify
 Q - a scroll of summoning
Potions
 g - 4 potions of berserk rage
 j - 7 potions of brilliance
 r - 9 potions of mutation
 s - 5 potions of might
 t - a potion of magic
 u - 6 potions of heal wounds
 v - 7 potions of agility
 x - 7 potions of resistance
 z - 5 potions of lignification
 A - 6 potions of curing
 E - 4 potions of haste
 U - 2 potions of cancellation
 V - a potion of ambrosia
 X - 4 potions of flight
Comestibles
 f - 58 rations


   Skills:
 + Level 18.0(23.0) Fighting
 * Level 18.2(24.7) Axes
 - Level 14.0(22.7) Maces & Flails
 - Level 4.4(9.4) Throwing
 + Level 17.9(22.9) Armour
 + Level 12.5(17.5) Dodging
 + Level 17.1(22.1) Shields
 - Level 7.0 Invocations
 - Level 9.3 Evocations


You had 18 spell levels left.
You didn't know any spells.
Your spell library contained the following spells:

 Spells                   Type           Power        Failure   Level  Hunger
 Animate Skeleton         Necr           N/A          38%         1    ##.....
 Apportation              Tloc           #.....       38%         1    ##.....
 Beastly Appendage        Tmut           #.....       38%         1    ##.....
 Confusing Touch          Hex            #.....       38%         1    ##.....
 Pain                     Necr           #...         38%         1    ##.....
 Shock                    Conj/Air       #...         38%         1    ##.....
 Sting                    Conj/Pois      #...         38%         1    ##.....
 Summon Butterflies       Summ           #.......     38%         1    ##.....
 Summon Small Mammal      Summ           #...         38%         1    ##.....
 Corpse Rot               Necr           N/A          52%         2    ###....
 Poisonous Vapours        Pois/Air       #.....       52%         2    ###....
 Sublimation of Blood     Necr           #.........   52%         2    ###....
 Swiftness                Chrm/Air       #.......     52%         2    ###....
 Call Canine Familiar     Summ           #.......     77%         3    ####...
 Confuse                  Hex            #.......     77%         3    ####...
 Gell's Gravitas          Tloc           #.........   77%         3    ####...
 Ignite Poison            Fire/Tmut/Pois #.......     77%         3    ####...
 Mephitic Cloud           Conj/Pois/Air  #.......     77%         3    ####...
 Recall                   Summ/Tloc      N/A          77%         3    ####...
 Regeneration             Chrm/Necr      #.........   77%         3    ####...
 Static Discharge         Conj/Air       #.......     77%         3    ####...
 Vampiric Draining        Necr           #.........   77%         3    ####...
 Airstrike                Air            #.........   99%         4    #####..
 Animate Dead             Necr           N/A          99%         4    #####..
 Ice Form                 Ice/Tmut       #.......     99%         4    #####..
 Olgreb's Toxic Radiance  Pois           #.......     99%         4    #####..
 Petrify                  Tmut/Erth      #.......     99%         4    #####..
 Summon Ice Beast         Ice/Summ       #.......     99%         4    #####..
 Agony                    Necr           #.......     100%        5    ######.
 Aura of Abjuration       Summ           #.........   100%        5    ######.
 Blade Hands              Tmut           #.........   100%        5    ######.
 Bolt of Draining         Conj/Necr      #.........   100%        5    ######.
 Bolt of Magma            Conj/Fire/Erth #.........   100%        5    ######.
 Dispel Undead            Necr           #.......     100%        5    ######.
 Excruciating Wounds      Chrm/Necr      #.........   100%        5    ######.
 Iskenderun's Battlesphe  Conj/Chrm      #.......     100%        5    ######.
 Lightning Bolt           Conj/Air       #.........   100%        5    ######.
 Metabolic Englaciation   Hex/Ice        #.........   100%        5    ######.
 Summon Demon             Summ           #.........   100%        5    ######.
 Summon Forest            Summ/Tloc      #.........   100%        5    ######.
 Summon Mana Viper        Hex/Summ       #.......     100%        5    ######.
 Venom Bolt               Conj/Pois      #.........   100%        5    ######.
 Yara's Violent Unravell  Hex/Tmut       #.........   100%        5    ######.
 Bolt of Cold             Conj/Ice       #.........   100%        6    #######
 Death Channel            Necr           #.........   100%        6    #######
 Freezing Cloud           Conj/Ice/Air   #.........   100%        6    #######
 Iron Shot                Conj/Erth      #.........   100%        6    #######
 Ozocubu's Refrigeration  Ice            #.........   100%        6    #######
 Shadow Creatures         Summ           N/A          100%        6    #######
 Simulacrum               Ice/Necr       #.........   100%        6    #######
 Statue Form              Tmut/Erth      #........    100%        6    #######
 Orb of Destruction       Conj           #.........   100%        7    #######
 Spellforged Servitor     Conj/Summ      #.........   100%        7    #######
 Summon Hydra             Summ           #.........   100%        7    #######


Dungeon Overview and Level Annotations

Branches:
Dungeon (15/15)            Temple (0/1) D:5            Lair (6/6) D:11
 Shoals (4/4) Lair:4        Snake (4/4) Lair:4        Slime (5/5) Lair:5
    Orc (2/2) D:9             Elf (0/3) Orc:2        Vaults (0/5) D:14
 Depths (0/5) D:15        Ossuary (visited)           IceCv (visited)
Volcano (visited)         Gauntlet (visited)

Altars:
Ashenzari
Cheibriados
Elyvilon
Fedhas
Gozag
Hepliaklqana
Makhleb
Okawaru
Trog
Vehumet
Wu Jian
Xom
Yredelemnul
Zin
The Shining One
Beogh

Shops:
D:10 [   D:13 *   Orc:1 (*![   Orc:2 =[(*   Shoals:1 [   Shoals:2 *
Snake:3 ([[*   Snake:4 }=}

Annotations:
Slime:5 Royal Jelly


Innate Abilities, Weirdness & Mutations

((You reflexively headbutt those who attack you in melee.))
((You have a pair of horns on your head.))
You often lose your temper in combat.
Scrolls take you much longer to read.
((Armour fits poorly on your strangely shaped body.))
Your body often deteriorates upon taking damage.
You are frail. (-10% HP)
Your magical capacity is very low. (-20% MP)
You occasionally shout uncontrollably at your foes.
You do not regenerate when monsters are visible.
You are weak. (Str -2)
You expend magic power (3 MP) to strengthen your wands.


Message History

Really quaff the potion of lignification?
You turn into a tree.
Your scarf of resistance melds into your body.
Your +2 hat of magic resistance melds into your body.
Your +2 pair of gloves melds into your body.
The +0 pair of boots "Ziwnyqu" {-Tele rC+ Str+2} melds into your body.
The +8 crystal plate armour of Moahywa {+Fly rPois rF- rN++} melds into your body.
You feel hot and cold all over.
You feel less resistant to hostile enchantments.
Your roots penetrate the ground.
The acid blob completely misses you. The Royal Jelly barely misses you.
The Royal Jelly hits you but does no damage.
The acid blob hits you!
* * * LOW HITPOINT WARNING * * *
You are splashed with acid.
You resist.
* * * LOW HITPOINT WARNING * * *
You block the acid blob's attack.
The Royal Jelly hits you but does no damage.
You block the Royal Jelly's attack. The acid blob hits you!
You die...

.........................#
..........................#
...........................
...........................
...........................
..... .....................
..... ...................
###.# ...................
.# ##......♣..........
##....JJJ.........
#.....J..........
##....G..........
#...............
##G.............
#...............
.................
.#..............


You could see the Royal Jelly, 2 acid blobs, a death ooze and 2 eyes of
draining.

Vanquished Creatures
  Asterion (Snake:1)
  12 acid blobs
  Gastronok (D:8)
  Frances (Snake:1)
  Polyphemus (Shoals:4)
  A sphinx (D:12)
  The ghost of Flugslaktarn the Severer, an adept MiFi of Gozag (Snake:4)
  10 nagarajas
  Roxanne (Snake:2)
  Ilsuiw (Shoals:2)
  4 azure jellies
  Aizul (Snake:1)
  A frost giant (IceCv)
  An orc warlord (Orc:2)
  The ghost of p0werm0de the Pandemonic, a journeyman DDFi of Makhleb (Orc:2)
  A stone giant (D:12)
  Azrael (D:12)
  A minotaur (Gauntlet)
  The ghost of Nojon the Severer, a journeyman MiBe of Trog (D:13)
  6 merfolk javelineers
  The ghost of Ixoagrun the Bludgeoner, a journeyman MiFi of Okawaru (Lair:3)
  An ettin (Orc:2)
  8 merfolk impalers
  A death ooze (Gauntlet)
  A yaktaur captain (D:15)
  5 great orbs of eyes
  10 hydras
  9 naga warriors
  4 vault guards (D:14)
  7 centaur warriors
  4 catoblepae
  2 merfolk avatars (Shoals:4)
  A catoblepas (shapeshifter) (Gauntlet)
  3 satyrs
  4 merfolk aquamancers
  27 anacondas
  8 two-headed ogres
  Erica (Orc:1)
  An orc high priest (Orc:2)
  4 shock serpents
  16 death yaks
  A deep troll earth mage (D:12)
  Urug (D:10)
  15 naga sharpshooters
  A sun demon (D:13)
  A spriggan (Lair:1)
  Nergalle (Orc:1)
  The ghost of Caczuus the Covert, a novice SpEE of Ashenzari (Lair:1)
  A fire crab (shapeshifter) (D:14)
  A salamander mystic (Snake:3)
  2 glowing orange brains
  An unseen horror (D:13)
  8 naga ritualists
  16 sea snakes
  6 orc knights (Orc:2)
  Pikel (D:5)
  15 harpies
  A spectral hydra (Lair:3)
  A necromancer (Lair:3)
  A phantasmal warrior (D:12)
  A wolf spider (D:15)
  An ugly thing (D:15)
  6 orc sorcerers
  5 deep elf magi
  5 cyclopes
  2 oklob plants (Lair:5)
  8 fauns
  14 manticores
  Maurice (D:8)
  7 shining eyes
  16 mana vipers
  7 salamanders
  38 black mambas
  15 naga magi
  An ice statue (IceCv)
  14 guardian serpents
  An elephant (shapeshifter) (D:15)
  2 water nymphs
  15 merfolk sirens
  6 gargoyles
  10 spiny frogs
  A rime drake (shapeshifter) (D:15)
  A kobold demonologist (D:12)
  5 komodo dragons
  3 ice devils
  2 rime drakes (Lair:4)
  7 yaktaurs
  2 freezing wraiths
  21 polar bears
  2 meliai
  5 wind drakes
  5 trolls
  A queen bee (Lair:1)
  30 merfolk
  4 hornets
  A spectral dream sheep (Lair:3)
  52 slime creatures
  3 dream sheep (Shoals:4)
  18 blink frogs
  13 hippogriffs
  11 snapping turtles
  5 flying skulls (Gauntlet)
  A centaur simulacrum (D:15)
  74 yaks
  2 shadows
  4 wyverns
  6 water elementals
  Grum (D:8)
  2 basilisks
  4 fire elementals (D:12)
  A golden eye (shapeshifter) (D:15)
  3 golden eyes (Slime:4)
  Eustachio (D:5)
  2 hungry ghosts
  2 steam dragons
  A soldier ant (D:8)
  2 wargs (Orc:2)
  3 swamp worms (D:8)
  An acid dragon (D:12)
  39 nagas
  3 hydra simulacra (Lair:3)
  A soldier ant (shapeshifter) (D:15)
  8 porcupines
  15 water moccasins
  2 black bears
  38 orc warriors
  An eye of draining (shapeshifter) (D:15)
  10 ice beasts
  5 sky beasts
  2 eyes of draining
  3 elephant zombies (Lair:3)
  A phantom (D:7)
  A black mamba simulacrum (Lair:3)
  17 centaurs
  50 wolves
  23 ogres
  4 crocodiles
  2 big kobolds
  Blork the orc (Orc:2)
  15 bullfrogs
  A wyvern skeleton (D:10)
  2 water moccasin zombies (Ossuary)
  3 scorpions
  3 wights (D:14)
  21 killer bees
  5 howler monkeys
  11 electric eels
  A quasit (D:11)
  A bullfrog zombie (D:8)
  8 crimson imps
  5 jellies
  A basilisk zombie (Lair:3)
  10 hounds
  28 orc wizards
  7 centaur skeletons
  Crazy Yiuf (D:7)
  4 bullfrog skeletons
  22 orc priests
  An iguana (D:9)
  12 worker ants
  3 big kobold zombies (Ossuary)
  A crocodile zombie (Lair:3)
  A hound skeleton (D:10)
  3 mummies
  A worker ant zombie (D:5)
  Robin (D:2)
  8 gnolls
  20 adders
  5 shadow imps
  6 white imps
  2 ufetubi (D:8)
  2 oozes (D:3)
  4 adder zombies
  2 worms
  3 dart slugs
  An adder simulacrum (D:8)
  3 leopard geckos
  97 orcs
  3 ball pythons
  3 bats
  3 giant cockroaches
  4 gnoll zombies (Ossuary)
  16 goblins
  8 hobgoblins
  15 jackals
  3 quokkas
  4 frilled lizards
  4 hobgoblin zombies (Ossuary)
  14 kobolds
  6 kobold zombies (Ossuary)
  2 leopard gecko simulacra (D:8)
  2 leopard gecko skeletons
  9 orc zombies (Ossuary)
  A quokka skeleton (D:5)
  10 rats
  A fungus (Lair:4)
  9 plants
1386 creatures vanquished.

Vanquished Creatures (others)
  A centaur warrior (D:15)
  An anaconda (Snake:4)
  5 naga sharpshooters
  2 fauns
  7 centaurs
  A centaur skeleton (D:5)
  An orc wizard (Orc:2)
  A howler monkey skeleton (D:4)
  An adder (D:9)
  An adder skeleton (D:5)
  A jackal skeleton (D:4)
  6 fungi (Lair:5)
  27 plants
  4 toadstools (D:1)
  A withered plant (D:13)
60 creatures vanquished.

Grand Total: 1446 creatures vanquished

Notes
Turn   | Place    | Note
-------+----------+-------------------------------------------
     0 | D:1      | Iamsoldier the Minotaur Fighter began the quest for the
                  | Orb.
     0 | D:1      | Reached XP level 1. HP: 19/19 MP: 0/0
   171 | D:1      | Reached XP level 2. HP: 26/27 MP: 1/1
   577 | D:1      | Reached XP level 3. HP: 33/33 MP: 2/2
   736 | D:2      | Noticed Robin
   751 | D:2      | Killed Robin
   792 | D:2      | Found a shattered altar of Ashenzari.
   795 | D:2      | Found a hazy altar of Hepliaklqana.
   798 | D:2      | Found an ornate altar of the Wu Jian Council.
   801 | D:2      | Reached XP level 4. HP: 38/40 MP: 3/3
   808 | D:2      | Found a blossoming altar of Fedhas.
  1050 | D:2      | Found an opulent altar of Gozag.
  1596 | D:3      | Reached XP level 5. HP: 44/47 MP: 4/4
  2109 | D:3      | Found a shimmering altar of Xom.
  2109 | D:3      | Found a burning altar of Makhleb.
  2395 | D:4      | Reached skill level 5 in Shields
  2395 | D:4      | Reached XP level 6. HP: 51/55 MP: 5/5
  2429 | D:4      | Found an iron altar of Okawaru.
  2434 | D:4      | Became a worshipper of Warmaster Okawaru
  2509 | D:4      | Reached skill level 5 in Fighting
  2509 | D:4      | Reached skill level 5 in Armour
  2527 | D:4      | Found a glowing golden altar of the Shining One.
  2556 | D:4      | Reached skill level 5 in Maces & Flails
  2971 | D:4      | Reached skill level 1 in Axes
  3351 | D:4      | Found a radiant altar of Vehumet.
  3681 | D:4      | Reached * piety under Okawaru
  3681 | D:4      | Reached XP level 7. HP: 37/61 MP: 6/6
  4149 | D:5      | Entered Level 5 of the Dungeon
  4352 | D:5      | Noticed Pikel
  4361 | D:5      | Noticed Eustachio
  4364 | D:5      | Killed Pikel
  4364 | D:5      | Reached ** piety under Okawaru
  4364 | D:5      | Reached skill level 1 in Evocations
  4364 | D:5      | Reached XP level 8. HP: 36/70 MP: 8/8
  4366 | D:5      | Found a staircase to the Ecumenical Temple.
  4383 | D:5      | Killed Eustachio
  4383 | D:5      | Reached *** piety under Okawaru
  5104 | D:6      | Found a sand-covered staircase.
  5111 | Ossuary  | Entered an ossuary
  5847 | D:6      | Reached XP level 9. HP: 36/79 MP: 9/9
  6147 | D:7      | Reached skill level 1 in Invocations
  7051 | D:7      | Found a runed translucent door.
  7052 | D:7      | Noticed Crazy Yiuf
  7058 | D:7      | Killed Crazy Yiuf
  7123 | D:8      | Reached **** piety under Okawaru
  7378 | D:8      | Reached skill level 10 in Maces & Flails
  7403 | D:8      | Received a gift from Okawaru
  7655 | D:8      | Reached XP level 10. HP: 54/88 MP: 8/11
  8242 | D:8      | Reached ***** piety under Okawaru
  8296 | D:8      | HP: 4/90 [polar bear (5)]
  9303 | D:8      | Noticed Grum
  9319 | D:8      | Killed Grum
  9611 | D:8      | Found a basalt altar of Yredelemnul.
  9740 | D:8      | Noticed Gastronok
 10067 | D:8      | Killed Gastronok
 10067 | D:8      | Received a gift from Okawaru
 10067 | D:8      | Received a gift from Okawaru
 10067 | D:8      | Reached XP level 11. HP: 81/97 MP: 11/13
 10070 | D:8      | Got a topaz-encrusted crystal plate armour {god gift}
 10088 | D:8      | Identified the +8 crystal plate armour of Moahywa {+Fly
                  | rPois rF- rN++} (Okawaru gifted it to you on level 8 of the
                  | Dungeon)
 11209 | D:8      | Noticed Maurice
 11229 | D:8      | Killed Maurice
 11349 | D:8      | Found a white marble altar of Elyvilon.
 11675 | D:9      | Found a snail-covered altar of Cheibriados.
 11740 | D:9      | Noticed a centaur warrior
 11756 | D:9      | Killed a centaur warrior
 11756 | D:9      | Reached skill level 10 in Shields
 11895 | D:9      | Found a bloodstained altar of Trog.
 11921 | D:9      | Found a glowing silver altar of Zin.
 12246 | D:9      | Found a staircase to the Orcish Mines.
 12373 | D:10     | Entered Level 10 of the Dungeon
 12373 | D:10     | Noticed Urug
 12391 | D:10     | Killed Urug
 12391 | D:10     | Reached skill level 10 in Fighting
 12650 | D:10     | Found a basalt altar of Yredelemnul.
 12689 | D:10     | Found Mixuwn's Armour Shoppe.
 12752 | D:10     | Reached skill level 10 in Armour
 13320 | D:10     | Reached skill level 5 in Axes
 13766 | D:11     | Found a staircase to the Lair.
 14185 | D:11     | Noticed a six-headed hydra
 14325 | D:11     | Killed a six-headed hydra
 14671 | Lair:1   | Entered Level 1 of the Lair of Beasts
 14699 | Lair:1   | Noticed a four-headed hydra
 14707 | Lair:1   | Killed a four-headed hydra
 14707 | Lair:1   | Reached XP level 12. HP: 107/107 MP: 14/14
 14727 | Lair:1   | Found a frozen archway.
 14748 | IceCv    | Entered an ice cave
 14776 | IceCv    | Received a gift from Okawaru
 14793 | IceCv    | Got a pair of shimmering boots {god gift}
 14802 | IceCv    | Identified the +2 pair of boots of the Griffon {Int+5
                  | Stlth-} (Okawaru gifted it to you in an ice cave)
 15296 | IceCv    | Reached skill level 5 in Invocations
 15341 | IceCv    | Noticed a frost giant
 15355 | IceCv    | Killed a frost giant
 15355 | IceCv    | Reached skill level 5 in Evocations
 15961 | Lair:1   | Reached XP level 13. HP: 83/116 MP: 16/16
 16308 | Lair:1   | Identified a scroll of acquirement
 16498 | Lair:1   | Received a gift from Okawaru
 16618 | Lair:1   | Found a transporter.
 16621 | Lair:1   | Found a transporter.
 16621 | Lair:1   | Noticed Caczuus's ghost (novice SpEE)
 16988 | Lair:1   | Killed Caczuus's ghost
 18392 | Lair:3   | Found a runed translucent gate.
 18392 | Lair:3   | Found a runed translucent gate.
 18393 | Lair:3   | Found a runed translucent gate.
 18395 | Lair:3   | Noticed Ixoagrun's ghost (journeyman MiFi)
 18442 | Lair:3   | Killed Ixoagrun's ghost
 19240 | Lair:4   | Reached skill level 1 in Dodging
 19251 | Lair:4   | Reached ****** piety under Okawaru
 19273 | Lair:4   | Received a gift from Okawaru
 19544 | Lair:4   | Found a staircase to the Snake Pit.
 19899 | Lair:4   | Found a staircase to the Shoals.
 20511 | Lair:5   | Reached XP level 14. HP: 124/127 MP: 17/17
 20625 | Lair:5   | Found a staircase to the Slime Pits.
 21574 | Lair:6   | Entered Level 6 of the Lair of Beasts
 21857 | Lair:6   | Found a gate leading to a gauntlet.
 21876 | Lair:6   | Received a gift from Okawaru
 21877 | Lair:6   | Found the +2 shield of Resistance {rF+ rC+ MR+}
 21879 | Gauntlet | Entered a Gauntlet
 21879 | Gauntlet | Found a transporter.
 21879 | Gauntlet | Found a transporter.
 21896 | Gauntlet | Found a transporter.
 21902 | Gauntlet | Found a runed translucent gate.
 21902 | Gauntlet | Found a runed translucent gate.
 21902 | Gauntlet | Found a runed translucent gate.
 21904 | Gauntlet | Found a transporter.
 21908 | Gauntlet | Found a transporter.
 21916 | Gauntlet | Found a transporter.
 21932 | Gauntlet | Found a transporter.
 21947 | Gauntlet | Found a transporter.
 21950 | Gauntlet | Found a transporter.
 21958 | Gauntlet | Found a transporter.
 21962 | Gauntlet | Found a transporter.
 21986 | Gauntlet | Found a transporter.
 22079 | Gauntlet | Identified the +9 ice dragon scales of Noon {rPois rF- rC++
                  | MR- Int+2}
 22079 | Gauntlet | Identified the +0 large shield "Qety" {+Fly rCorr}
 22303 | Gauntlet | Reached skill level 5 in Dodging
 22332 | Gauntlet | Noticed an entropy weaver
 22340 | Gauntlet | an entropy weaver changed into a catoblepas
 22390 | Gauntlet | Got a heavily runed steel ring
 22392 | Gauntlet | Identified the cursed ring "Ytibusielef" {+Blink rC+ MR-
                  | Slay-2} (You found it in a Gauntlet)
 22462 | Gauntlet | Identified the +0 hat "Ygain" {Dex+4} (You found it in a
                  | Gauntlet)
 22977 | Lair:6   | Reached skill level 1 in Throwing
 24537 | Orc:1    | Entered Level 1 of the Orcish Mines
 24537 | Orc:1    | Noticed Erica
 24561 | Orc:1    | Killed Erica
 24578 | Orc:1    | Found Fuhugey's Assorted Antiques.
 24626 | Orc:1    | Reached XP level 15. HP: 132/136 MP: 11/19
 24633 | Orc:1    | Found Gomiyfal's Armour Shoppe.
 24689 | Orc:1    | Found Yxzuwn's Antique Weapon Shoppe.
 24741 | Orc:1    | Noticed Nergalle
 24749 | Orc:1    | Killed Nergalle
 24811 | Orc:1    | Found Wora's Distillery.
 24819 | Orc:1    | Bought a potion of might for 40 gold pieces
 24819 | Orc:1    | Bought a potion of curing for 30 gold pieces
 24819 | Orc:1    | Bought a potion of heal wounds for 50 gold pieces
 24887 | Orc:1    | Found a roughly hewn altar of Beogh.
 25160 | Orc:2    | Entered Level 2 of the Orcish Mines
 25362 | Orc:2    | Found a transporter.
 25415 | Orc:2    | Found a dark tunnel.
 25420 | Volcano  | Entered a volcano
 25462 | Volcano  | Identified the Catalogue of Vitriolic Black Secrets
 25632 | Orc:2    | Noticed Blork the orc
 25658 | Orc:2    | Received a gift from Okawaru
 25688 | Orc:2    | Killed Blork the orc
 25987 | Orc:2    | Found a roughly hewn altar of Beogh.
 26144 | Orc:2    | Noticed an orc warlord
 26146 | Orc:2    | Found Winac's Jewellery Emporium.
 26166 | Orc:2    | Killed an orc warlord
 26180 | Orc:2    | Found Maustycs's Antique Weapon Emporium.
 26193 | Orc:2    | Bought the +8 mithril axe "Arga" {speed, MR+} for 2067 gold
                  | pieces
 26193 | Orc:2    | Found the +8 mithril axe "Arga" {speed, MR+}
 26409 | Orc:2    | Found Ichoyreg's Antique Armour Emporium.
 26431 | Orc:2    | Found Taeqagoq's General Store.
 26503 | Orc:2    | Found a staircase to the Elven Halls.
 26758 | Orc:2    | Found a transporter.
 26758 | Orc:2    | Noticed p0werm0de's ghost (journeyman DDFi)
 26759 | Orc:2    | Identified the +12 great mace "Beastbane" {crush, *Drain
                  | +Rage rPois Stlth+}
 26807 | Orc:2    | Killed p0werm0de's ghost
 26811 | Orc:2    | Reached skill level 10 in Axes
 27446 | D:12     | Noticed Azrael
 27477 | D:12     | Killed Azrael
 27866 | D:12     | Received a gift from Okawaru
 27898 | D:12     | Noticed a sphinx
 27934 | D:12     | Found the +8 glaive of the Guard {elec, +Rage AC+5 SInv}
 27945 | D:12     | Killed a sphinx
 28318 | D:12     | Got a warped granite ring
 28722 | D:13     | Received a gift from Okawaru
 28999 | D:13     | Reached XP level 16. HP: 139/147 MP: 20/20
 29034 | D:13     | Found Qoaliph's Assorted Antiques.
 29037 | D:13     | Found a runed translucent door.
 29037 | D:13     | Noticed Nojon's ghost (journeyman MiBe)
 29062 | D:13     | Killed Nojon's ghost
 29399 | D:14     | Reached skill level 15 in Shields
 29433 | D:14     | Identified the ring of Izieg {rN+ Int+4 Dex+4} (You found
                  | it on level 12 of the Dungeon)
 29563 | D:14     | Found a gate to the Vaults.
 30497 | D:15     | Entered Level 15 of the Dungeon
 30690 | Orc:2    | Bought a scroll of acquirement for 780 gold pieces
 30695 | Orc:2    | Got a glittering diamond amulet
 30696 | Orc:2    | Identified the amulet "Hurghytol" {Reflect +Fly MR+ SH+3}
                  | (You acquired it on level 2 of the Orcish Mines)
 30917 | D:15     | Reached skill level 15 in Fighting
 30980 | D:15     | Received a gift from Okawaru
 30980 | D:15     | Reached skill level 15 in Armour
 31636 | D:15     | Found a staircase to the Depths.
 31791 | D:15     | Received a gift from Okawaru
 31804 | D:15     | Found a roughly hewn altar of Beogh.
 32137 | Shoals:1 | Entered Level 1 of the Shoals
 32790 | Shoals:1 | Found Diesenn's Antique Armour Boutique.
 32875 | Shoals:2 | Noticed Ilsuiw
 32913 | Shoals:2 | Received a gift from Okawaru
 32928 | Shoals:2 | Killed Ilsuiw
 33125 | Shoals:2 | Found the +3 warlock's mirror {reflect}
 33364 | Shoals:2 | Received a gift from Okawaru
 33367 | Shoals:2 | Identified the +9 plate armour of the Loofah {Dex+4}
                  | (Okawaru gifted it to you on level 2 of the Shoals)
 33574 | Shoals:2 | Found Raxuiluo's General Store.
 33577 | Shoals:2 | Bought a scroll of enchant armour for 90 gold pieces
 33749 | D:10     | Bought a +2 pair of gloves for 181 gold pieces
 34179 | Shoals:3 | Reached XP level 17. HP: 153/157 MP: 21/21
 34965 | Shoals:4 | Entered Level 4 of the Shoals
 35268 | Shoals:4 | Reached skill level 15 in Axes
 36063 | Shoals:4 | Received a gift from Okawaru
 36064 | Shoals:4 | Found the +7 Kryia's mail coat {PotionHeal*2 rC+}
 36083 | Shoals:4 | Got a barnacled rune of Zot
 36357 | Shoals:4 | Noticed Polyphemus
 36382 | Shoals:4 | Killed Polyphemus
 36515 | Snake:1  | Entered Level 1 of the Snake Pit
 36575 | Snake:1  | Noticed Frances
 36595 | Snake:1  | Killed Frances
 36812 | Snake:1  | Noticed Aizul
 36830 | Snake:1  | Killed Aizul
 37070 | Snake:1  | Reached skill level 10 in Dodging
 37290 | Snake:1  | Noticed Asterion
 37316 | Snake:1  | Killed Asterion
 37316 | Snake:1  | Reached XP level 18. HP: 149/168 MP: 23/23
 37737 | Snake:2  | Received a gift from Okawaru
 38305 | Snake:2  | Identified Roxanne's Papyrus of Changing
 38305 | Snake:2  | Noticed Roxanne
 38332 | Snake:2  | Killed Roxanne
 39225 | Snake:3  | Got a slimy marble ring
 39226 | Snake:3  | Identified the ring of Joy {Wiz Str+2} (You found it on
                  | level 3 of the Snake Pit)
 39604 | Snake:3  | Found Kegaudgh's Antique Weapon Boutique.
 39611 | Snake:3  | Found Ytzicaci's Antique Armour Shop.
 39611 | Snake:3  | Found Kapreun's Antique Armour Boutique.
 39640 | Snake:3  | Found Dipanax's General Store.
 39660 | Snake:3  | Bought a pair of bloodstained boots for 256 gold pieces
 39660 | Snake:3  | Bought an ichor-stained plate armour for 756 gold pieces
 39672 | Snake:3  | Identified the +0 pair of boots "Ziwnyqu" {-Tele rC+ Str+2}
                  | (You bought it in a shop on level 3 of the Snake Pit)
 39673 | Snake:3  | Identified the cursed +1 plate armour of the Beekeeper
                  | {rPois Int+6} (You bought it in a shop on level 3 of the
                  | Snake Pit)
 39988 | Snake:3  | Received a gift from Okawaru
 40458 | Snake:4  | Entered Level 4 of the Snake Pit
 40731 | Snake:4  | Found a runed translucent door.
 40731 | Snake:4  | Noticed Flugslaktarn's ghost (adept MiFi)
 40755 | Snake:4  | Killed Flugslaktarn's ghost
 40929 | Snake:4  | Found Rankaukk's Jewellery Shoppe.
 40930 | Snake:4  | Found Myudghy's Gadget Shop.
 40930 | Snake:4  | Found Ufaest's Gadget Shop.
 41054 | Snake:4  | Reached XP level 19. HP: 125/177 MP: 25/25
 41286 | Snake:4  | Received a gift from Okawaru
 41539 | Snake:4  | Identified the +0 crystal plate armour of Honour {rF+
                  | Str+2} (Okawaru gifted it to you on level 4 of the Snake
                  | Pit)
 42005 | Snake:4  | Got a serpentine rune of Zot
 42387 | Slime:1  | Entered Level 1 of the Pits of Slime
 43698 | Slime:1  | Gained mutation: You tend to lose your temper in combat. [a
                  | shining eye]
 43700 | Slime:1  | Gained mutation: You expend magic power (3 MP) to
                  | strengthen your wands. [a shining eye]
 44231 | Slime:3  | Gained mutation: Your magical capacity is low. (-10% MP) [a
                  | shining eye]
 44233 | Slime:3  | Gained mutation: You are weak. (Str -2) [a shining eye]
 44237 | Slime:3  | Gained mutation: Your body sometimes deteriorates upon
                  | taking damage. [a shining eye]
 44241 | Slime:3  | Gained mutation: Your magical capacity is very low. (-20%
                  | MP) [a shining eye]
 44660 | Slime:4  | Gained mutation: Scrolls take you a little longer to read.
                  | [a shining eye]
 44663 | Slime:4  | Gained mutation: Scrolls take you longer to read. [a
                  | shining eye]
 44668 | Slime:4  | Gained mutation: Scrolls take you much longer to read. [a
                  | shining eye]
 44683 | Slime:4  | Gained mutation: You often lose your temper in combat. [a
                  | shining eye]
 45497 | Slime:5  | Entered Level 5 of the Pits of Slime
 45516 | Slime:5  | Received a gift from Okawaru
 45534 | Slime:5  | Gained mutation: You occasionally shout uncontrollably at
                  | your foes. [a shining eye]
 45537 | Slime:5  | Gained mutation: You do not regenerate when monsters are
                  | visible. [a shining eye]
 45542 | Slime:5  | Gained mutation: You are frail. (-10% HP) [a shining eye]
 45549 | Slime:5  | Gained mutation: Armour fits poorly on your strangely
                  | shaped body. [a shining eye]
 45551 | Slime:5  | Gained mutation: Your body often deteriorates upon taking
                  | damage. [a shining eye]
 45833 | Slime:5  | Noticed the Royal Jelly
 45844 | Slime:5  | HP: 12/241 [acid (3)]
 45844 | Slime:5  | Slain by an acid blob

Levels and vault maps discovered:
D:1:      ldierk_water_garden, layout_basic
D:2:      layout_rooms, grunt_temple_overflow_cloverleaf, first_ration,
          nicolae_gozag_cash_rules_everything_around_me, uniq_robin
D:3:      layout_loops_ring, grunt_temple_overflow_champion_of_chaos
D:4:      layout_loops_ring, fiery_altar_vehumet, kennysheep_little_box,
          nicolae_overflow_crystal_walls, serial_forest,
          infiniplex_forest_end_1, infiniplex_forest_corner_1,
          infiniplex_forest_end_1, infiniplex_forest_diagonal,
          infiniplex_forest_lined_2
D:5:      layout_basic, temple_fountains, uniq_eustachio, uniq_pikel
D:6:      layout_rooms, gup_ossuary_entry_pyramid
D:7:      layout_cave_pools, uniq_crazy_yiuf_cottage
D:8:      layout_loops_ring, kennysheep_ying_yang, serial_ice, serial_ice_o,
          serial_ice_k, serial_ice_m, serial_ice_g, serial_ice_e, serial_ice_a,
          serial_ice_b, serial_ice_d, serial_ice_c, serial_ice_n,
          hangedman_pestilent_swarm, worms_lemuel, uniq_grum, uniq_gastronok,
          uniq_maurice
D:9:      layout_loops_cross, lemuel_coloured_pillars_altar, lemuel_round_altar,
          orc_0_dummy, basic_altar, fungi_pond_lemuel
D:10:     layout_grid_maze, basic_altar, serial_shops, shop,
          statue_in_the_mist_lemuel, uniq_urug
D:11:     layout_stronghold, david_lair_shrubbed, palyth_stone_intersect
D:12:     minmay_guarded_unrand_guard, layout_irregular_city, uniq_azrael
D:13:     layout_roguey, serial_shops, shop, gammafunk_ghost_grave,
          minmay_fire_ice_demons
D:14:     layout_stronghold, lightli_vaults_fourway_checkpoint, minivault_14
D:15:     gammafunk_enter_depths_forms, layout_rooms,
          minmay_misc_feat_nine_boxes, special_room [special_room_orc],
          st_stairs_3, minivault_24, hangedman_glass_teeth,
          grunt_decor_arrowhead, kennysheep_inner_square
Lair:1:   layout_hall_layers, portal_ice_cave_demonic_guard,
          gammafunk_ghost_hive, grunt_forest_large_clearings,
          infiniplex_staircase_pool_2, lemuel_fruit_tree
Lair:2:   layout_roguey
Lair:3:   pond_and_an_island_with_a_cottage, layout_cave_pods,
          gammafunk_ghost_necromancy, serial_bayou_ford_a,
          grunt_forest_small_clearings, serial_bayou_shore_b
Lair:4:   layout_roguey, shoals_dummy_entry, minmay_snake_entry_guardpost_small,
          nicolae_quartered_pool_super
Lair:5:   layout_hall_layers, minmay_slime_entry_oklob_enclosed,
          serial_bayou_shore_b
Lair:6:   evilmike_catoblepas_cave, layout_regular_city, gauntlet_entry_generic
Shoals:1: layout_shoals, serial_shops, nicolae_shop_waterfront
Shoals:2: layout_shoals, nicolae_shoals_c_island, uniq_ilsuiw
Shoals:3: layout_shoals
Shoals:4: shoals_end_simple, layout_shoals, uniq_polyphemus
Snake:1:  layout_rooms, uniq_asterion, uniq_aizul, uniq_frances
Snake:2:  layout_honeycomb, serial_bayou_shore_a, uniq_roxanne
Snake:3:  layout_chambers, nicolae_snake_springs, grunt_megastairs_2,
          minmay_shoptagon, serial_bayou_shore_b
Snake:4:  grunt_snake_rune_serpentine_throne, layout_onion_interference,
          ebering_ghost_inner_flame, grunt_ministairs_14, minmay_shop_grove
Slime:1:  layout_caves, nicolae_slime_barrier
Slime:2:  layout_caves
Slime:3:  layout_caves
Slime:4:  layout_caves
Slime:5
Orc:1:    layout_caves, serial_shops, nicolae_shop_competitors_out_of_business,
          nicolae_shop_crystal, nicolae_shop_window_shopping,
          nicolae_shop_overgrown_old_shop, minmay_orc_temple_b, uniq_nergalle,
          uniq_erica
Orc:2:    grunt_orc_cross, layout_diamond_mine, enter_volcano_4,
          gammafunk_ghost_smash, mines4_lemuel

Skill      XL: |  1  2  3  4  5  6  7  8  9 10 11 12 13 14 15 16 17 18 19 |
---------------+----------------------------------------------------------+-----
Fighting       | 4 5 6 7 8 9 10 11 12 13 14 15 16 17 18 | 18.0
Armour         | 4 5 6 7 8 9 10 11 12 13 14 15 16 17 | 17.9
Shields        | 4 5 6 7 8 9 10 11 12 13 14 15 16 17 | 17.1
Maces & Flails | 3 4 5 7 8 10 12 14 | 14.0
Axes           | 1 6 9 11 14 15 16 18 | 18.2
Evocations     | 1 2 3 4 5 6 7 8 9 |  9.3
Invocations    | 3 4 5 6 7 |  7.0
Dodging        | 3 6 7 8 10 11 12 | 12.5
Throwing       | 3 4 |  4.4

Action                   |  1- 3 |  4- 6 |  7- 9 | 10-12 | 13-15 | 16-18 | 19-21 || total
-------------------------+-------+-------+-------+-------+-------+-------+-------++-------
Melee: Flail             |    86 |    66 |       |       |       |       |       ||   152
       Headbutt          |    13 |    30 |    43 |   165 |   511 |   480 |   150 ||  1392
       War axe           |       |    90 |   268 |   680 |    36 |       |       ||  1074
       Eveningstar       |       |       |       |   103 |       |       |       ||   103
       Mace              |       |       |       |       |  1393 |    14 |       ||  1407
       Broad axe         |       |       |       |       |   320 |  1548 |   444 ||  2312
 Fire: Hunting sling     |       |       |       |    16 |       |       |       ||    16
Invok: Heroism           |       |       |     6 |    19 |    24 |     9 |     5 ||    63
       Finesse           |       |       |       |     1 |     8 |     3 |       ||    12
 Abil: Evoke Flight      |       |       |       |     4 |     1 |     1 |     4 ||    10
Evoke: Wand              |       |       |       |     2 |       |       |       ||     2
  Use: Potion            |       |       |     2 |     2 |     3 |     1 |     2 ||    10
       Scroll            |       |       |    12 |    10 |    20 |    11 |     1 ||    54
 Stab: Invisible         |       |       |       |       |       |     8 |       ||     8
  Eat: Chunk             |       |     9 |     8 |    11 |    32 |    39 |     1 ||   100
       Ration            |       |       |     2 |     4 |     4 |       |     4 ||    14
Armor: Scale mail        |    44 |    52 |    88 |    56 |       |       |       ||   240
       Crystal plate arm |       |       |       |   461 |   694 |   422 |   121 ||  1698
       Skin              |       |       |       |       |       |       |     2 ||     2
Dodge: Dodged            |    22 |    39 |    86 |   156 |   432 |   350 |    64 ||  1149
Block: Shield            |    34 |    61 |   166 |   608 |  1150 |  1101 |   270 ||  3390
       Reflection        |       |       |       |       |       |   136 |    28 ||   164
